[Event "58th Akiba Rubinstein GM 2022"]
[Site "Polanica-Zdroj"]
[Date "2022.08.19"]
[Round "7.4"]
[White "Sumets, Andrey"]
[Black "Tazbir, Marcin"]
[Result "0-1"]
[ECO "D20"]
[WhiteElo "2547"]
[BlackElo "2511"]
[Annotator "TA"]
[PlyCount "156"]
[EventDate "2022.08.13"]
[EventCountry "POL"]
[SourceTitle "playchess.com"]
[Source "ChessBase"]
[SourceQuality "1"]
[TimeControl "40/5400+30:1800+30"]

1. d4 d5 2. c4 dxc4 3. e3 Nf6 4. Bxc4 e6 5. Nf3 a6 6. O-O c5 7. Bd3 Nbd7 8. Qe2 Be7 {[%emt 0:01:31] D27: Queen's Gambit Accepted: Classical main line: 7 e4!? and 7 a4.} 9. Rd1 Qc7 10. Nbd2 {[%emt 0:05:29] [#]} b6 $146 {[%emt 0:06:24] The position is equal.} ({Predecessor:} 10... O-O 11. Nb3 b5 12. dxc5 Nxc5 13. Nxc5 Bxc5 14. Bd2 Bb7 15. Rac1 Qe7 16. e4 e5 {0-1 (45) Michenka,J (2344)-Jurcik,M (2341) Frydek Mistek 2007}) 11. b3 cxd4 12. Nxd4 Nc5 13. Bc2 Bb7 14. Bb2 Rc8 15. Rac1 {[%emt 0:00:20] b4 is the strong threat.} Qb8 $1 16. Nc4 Ncd7 17. Nf3 b5 18. Nce5 Nxe5 19. Nxe5 Bd6 20. f4 Bc5 21. Kh1 Ke7 22. Qe1 Rhd8 23. Qg3 Kf8 {[%emt 0:02:25] [#]} 24. Bxh7 $1 Rxd1+ 25. Rxd1 Rd8 26. Bd3 Ne4 27. Qe1 (27. Qf3 $1 $16 {[%cal Rf3h5] Threatens to win with Qh5.} Kg8 28. Rc1) 27... Qd6 28. h3 f6 $2 {[%emt 0:01:38] [#]} (28... Kg8 $14) 29. Nf3 $2 (29. Qh4 $1 $18 {[%cal Rh4h8] Intending Qh8+ and mate.} Kg8 (29... fxe5 30. Bxe5) 30. Bd4) 29... g5 (29... Qxd3 $11 {remains equal.} 30. Rxd3 Rxd3) 30. Bd4 (30. Bxe4 $6 Qxd1 31. Bxb7 Qxe1+ 32. Nxe1 Rd1 $11) (30. Kh2 $16 {[%cal Od3e4] Black must now prevent Bxe4!} Qc7 31. Bd4 Bxd4 32. Nxd4 Rxd4 33. exd4) 30... Bb4 $11 31. Qg1 Kf7 32. Bxe4 ({Better is} 32. Bxf6 $11 Kxf6 33. Bxe4 Qxd1 34. fxg5+ Kg7 35. Bxb7) 32... Bxe4 $16 33. fxg5 e5 {[%emt 0:00:40] [#]} 34. Qf2 Bc3 $1 $11 {[%emt 0:07:18][%mdl 64] Pin. A strong pair of Bishops.} (34... exd4 $2 35. Rxd4 Bd5 36. gxf6 $18 (36. e4 Bc5 $16)) 35. gxf6 {[%emt 0:00:48] And now Ng5+ would win.} (35. Bxc3 {seems wilder.} Qxd1+ 36. Ne1 Qd6 37. Kh2) 35... Bxf3 (35... exd4 $11 {and Black stays safe.} 36. Ng5+ Kg6) 36. Qxf3 $18 exd4 37. exd4 Bxd4 38. Qh5+ Ke6 39. f7 $2 (39. Qh7 $1 $18) 39... Qf4 $1 $11 {[%emt 0:01:19][%cal Od4e5] Hoping for ...Be5!} 40. Qg6+ {[%emt 0:00:00][%mdl 64] Skewer} Ke7 {[%emt 0:00:00] Dancing on a razor blade.} 41. Qd3 $132 {[%emt 0:05:09][%mdl 2048] White has counterplay} (41. Qxa6 Be5 42. Qa7+ Ke6 43. f8=N+ (43. Re1 $2 Qh2#) 43... Rxf8 44. Qb6+ (44. Re1 $2 Qh2#) 44... Bd6 $17) 41... Kf8 (41... Kxf7 $2 42. Rf1 Qxf1+ 43. Qxf1+ $18) 42. Rf1 ({White should play} 42. Qh7 $11) 42... Qg5 $15 {[%emt 0:01:08] aiming for ...Be5.} 43. Qe4 (43. Qc2 $15 {feels stronger.}) 43... Be5 $1 $17 44. Qc6 (44. Qb4+ $17 {was necessary.} Bd6 45. Qa5) 44... Bd6 $1 $19 45. Qb6 b4 $1 46. Rd1 Kxf7 47. Qxa6 $2 {[%emt 0:01:59] [#]} ({Avoid the trap} 47. Rxd6 $2 Qc1+ 48. Kh2 Qf4+ 49. g3 Qxd6 $19) (47. Qb7+ {is a better defense.} Kg8 48. Qd5+ Qxd5 49. Rxd5) 47... Qg3 $1 48. Qa7+ $2 (48. Qc4+ Kg7 49. Qg4+ Qxg4 50. hxg4) 48... Kg6 49. Qg1 {[%emt 0:00:44] Prevents Qh2+.} Bc5 $4 {[%emt 0:01:15][%mdl 8192] [#]} 50. Qf1 $4 (50. Rxd8 $1 $18 Bxg1 51. Rg8+ Kf6 52. Rxg3) 50... Rxd1 51. Qxd1 Bd6 52. Kg1 Bc5+ ({And not} 52... Qh2+ 53. Kf2 $17) 53. Kh1 {[%emt 0:00:05] Strongly threatening Qc2+.} Bd6 (53... Qe3 $142 54. Qg4+ Kh6) 54. Kg1 $1 Kf6 $2 ({Stronger than} 54... Qh2+ 55. Kf2 $17) (54... Qf4 $19 55. Qd3+ Kh6) 55. Qd4+ Qe5 56. Qd2 Ke6 57. Kf2 Bc5+ 58. Kf1 (58. Kf3 $1 $15) 58... Qf5+ 59. Ke1 Ke5 {[%emt 0:01:08] Black is more active.} (59... Kf6 $17 60. Qb2+ Kg5 61. Qd2+ Kh4) 60. Qe2+ $11 Kd5 61. Qc4+ Kd6 {( -> ...Qf2+)} 62. Ke2 $2 (62. Qa6+ $15 Kc7 63. g4 Qb1+ 64. Kd2) 62... Qf2+ 63. Kd3 Qf1+ 64. Kc2 Qxg2+ 65. Kb1 Qxh3 66. a4 Qf5+ 67. Ka2 Qf2+ 68. Kb1 Qe1+ 69. Kc2 Qf2+ 70. Kb1 Ke5 71. Qb5 Qe1+ 72. Kb2 Qc3+ 73. Ka2 Qc2+ 74. Ka1 Qc1+ 75. Ka2 Qc2+ 76. Ka1 Kd4 {[%emt 0:00:24] Black mates.} 77. Qd7+ Kc3 78. Qh3+ Qd3 {[%emt 0:00:19] What a fight!  Weighted Error Value: White=0.55/Black=0.43} 0-1

[Event "58th Akiba Rubinstein GM 2022"]
[Site "Polanica-Zdroj"]
[Date "2022.08.19"]
[Round "7.5"]
[White "Donchenko, Alexander"]
[Black "Bernadskiy, Vitaliy"]
[Result "1/2-1/2"]
[ECO "E94"]
[WhiteElo "2630"]
[BlackElo "2598"]
[Annotator "TA"]
[PlyCount "71"]
[EventDate "2022.08.13"]
[EventCountry "POL"]
[SourceTitle "playchess.com"]
[Source "ChessBase"]
[SourceQuality "1"]
[TimeControl "40/5400+30:1800+30"]

1. d4 Nf6 2. c4 d6 3. Nf3 Nbd7 4. Nc3 g6 5. e4 e5 6. Be2 Bg7 7. O-O O-O 8. Be3 Qe7 9. Qc2 exd4 {[%emt 0:02:34] E94: King's Indian: Classical: 6 Be2 e5 7 0-0: Various Black 7th moves.} 10. Nxd4 c6 11. Rad1 Nc5 {[%emt 0:07:22] White is slightly better. is the legacy move (11...Re8).} 12. f3 a5 13. Rfe1 {[%emt 0:12:28] White is more active.} a4 {[%emt 0:02:21] [#]} 14. Bf1 $146 ({Predecessor:} 14. Qd2 Nfd7 15. Bf1 Re8 16. Bh6 Bf6 17. Nc2 Be5 18. Bg5 Qf8 19. Bh6 Qe7 20. Be3 {½-½ (30) Saric,A (2549)-Popovic,D (2528) Mali Losinj 2017}) 14... Qc7 15. Kh1 Qa5 16. Nde2 Ne8 17. Bd4 Bh6 18. Nc1 Ne6 19. Be3 Bg7 20. Nd3 N8c7 21. Qd2 Re8 22. Ne2 (22. Qf2 $16) 22... Qxd2 23. Bxd2 b5 24. cxb5 Nxb5 25. Rc1 Ned4 26. Nxd4 Nxd4 27. Bf4 Be6 28. a3 (28. Bxd6 $11 Bxa2 29. f4) 28... d5 (28... Rad8 $15) 29. Be5 {[%emt 0:05:56] The position is equal.} dxe4 30. fxe4 Bb3 31. Bxg7 Kxg7 32. Kg1 Nc2 33. Re2 Nd4 34. Ree1 Nc2 35. Re2 Nd4 36. Ree1 {[%emt 0:00:05] Weighted Error Value: White=0.17 (very precise) /Black=0.12 (very precise)} 1/2-1/2

[Event "58th Akiba Rubinstein GM 2022"]
[Site "Polanica-Zdroj"]
[Date "2022.08.20"]
[Round "8.1"]
[White "Nasuta, Grzegorz"]
[Black "Mastrovasilis, Dimitrios"]
[Result "0-1"]
[ECO "C82"]
[WhiteElo "2500"]
[BlackElo "2597"]
[Annotator "TA"]
[PlyCount "80"]
[EventDate "2022.08.13"]
[EventCountry "POL"]
[SourceTitle "playchess.com"]
[Source "ChessBase"]
[SourceQuality "1"]
[TimeControl "40/5400+30:1800+30"]

1. e4 e5 2. Nf3 Nc6 3. Bb5 a6 4. Ba4 Nf6 5. O-O Nxe4 6. d4 b5 7. Bb3 d5 8. dxe5 Be6 9. c3 Bc5 10. Nbd2 O-O 11. Bc2 Bf5 12. Nb3 Bg6 13. Nfd4 Bxd4 14. Nxd4 Nxd4 $5 {[%emt 0:00:41][%mdl 4] Exploring less charted territory. C82: Open Ruy Lopez: 9 c3 without 9...Be7.} 15. cxd4 c5 $1 16. f3 cxd4 {[%emt 0:00:46] [#] White is slightly better.} 17. fxe4 $146 (17. Qxd4 $5 Rc8 18. Bb3 $11 (18. fxe4 Rxc2 19. exd5 Rc4 $15)) ({Predecessor:} 17. Qxd4 Rc8 18. Bb3 Nc5 19. Be3 Bd3 20. Rfd1 Nxb3 21. axb3 Bc2 22. Rdc1 Bxb3 23. Rxa6 Rxc1+ 24. Bxc1 {½-½ (108) Dominguez Perez,L (2760)-Caruana,F (2800) Saint Louis 2021}) 17... Qb6 18. Kh1 dxe4 19. Re1 e3 20. Bxg6 hxg6 21. b3 Rad8 22. Qf3 f6 23. Bxe3 fxe5 24. Qg3 {[%emt 0:00:04] [#] Threatens to win with Bd2.} dxe3 25. Rxe3 Qf6 26. Rf3 {[%emt 0:01:39] Against Qf1+} Qd6 27. Re3 Rf5 $40 {[%emt 0:06:05][%cal Bf8f5,Bf5g5,Bg5c5][%mdl 160] Black is up to no good.} 28. h3 Qf6 29. Rae1 Rg5 30. Qh2 Re8 {[%emt 0:09:07] Black is more active.} (30... Rd2 $17 {Strongly threatening ...Qf2.} 31. Rxe5 Kh7 32. Rxg5 Qxg5) 31. g4 {[%emt 0:00:05] [#]} (31. Re4 $11 {remains equal.} Rf5 32. Qg3) 31... e4 $1 $17 32. Rxe4 $2 {[%emt 0:00:57][%mdl 8192] This move loses the game for White.} (32. Qg2 $17) 32... Rxe4 $19 {[%emt 0:05:09] Black is clearly winning.} ({Worse is} 32... Qf3+ 33. Qg2 Rxe4 34. Rxe4 $17) 33. Rxe4 $17 {[%emt 0:00:07][%mdl 4096] Endgame KQR-KQR} Rc5 {[%emt 0:04:22] ( -> ...Qf1+)} ({Stronger than} 33... Qf1+ 34. Qg1 Qxh3+ 35. Qh2 Qf1+ 36. Qg1 Qh3+ 37. Qh2 Qf1+ 38. Qg1 Qf3+ 39. Qg2 Qd1+ 40. Kh2 $17) 34. Re1 {[%emt 0:00:59] Against Qf1+} Rc3 35. Qg2 Rf3 36. Kg1 Qd4+ 37. Kh1 Qc3 38. Kh2 Qc7+ ({And not} 38... Qxe1 39. Qxf3 Qd2+ 40. Qg2 Qf4+ 41. Kg1 $11) 39. Kh1 Qf4 40. Rg1 Qe3 {[%emt 0:00:00] Weighted Error Value: White=0.64/Black=0.05 (flawless)} 0-1

[Event "58th Akiba Rubinstein GM 2022"]
[Site "Polanica-Zdroj"]
[Date "2022.08.20"]
[Round "8.2"]
[White "Plat, Vojtech"]
[Black "Bernadskiy, Vitaliy"]
[Result "1/2-1/2"]
[ECO "C92"]
[WhiteElo "2556"]
[BlackElo "2598"]
[Annotator "TA"]
[PlyCount "61"]
[EventDate "2022.08.13"]
[EventCountry "POL"]
[SourceTitle "playchess.com"]
[Source "ChessBase"]
[SourceQuality "1"]
[TimeControl "40/5400+30:1800+30"]

1. e4 e5 2. Nf3 Nc6 3. Bb5 a6 4. Ba4 Nf6 5. O-O Be7 6. Re1 b5 7. Bb3 d6 8. c3 O-O 9. h3 Bb7 10. d4 Re8 11. Ng5 Rf8 12. Nf3 h6 13. a4 Re8 14. axb5 {[%emt 0:06:10] C92: Closed Ruy Lopez: 9...Be6, Karpov and Flohr-Zaitsev Variations.} axb5 15. Rxa8 Qxa8 16. Na3 exd4 {[%emt 0:03:23] [#]} 17. Nxb5 $146 ({Predecessor:} 17. cxd4 Na5 18. Bc2 Bxe4 19. Bxe4 Nxe4 20. Nxb5 Qc6 21. Nc3 Nxc3 22. bxc3 Bf8 23. Rxe8 Qxe8 24. Be3 Nc4 {½-½ (22) Reyes Perez,R (1909)-Osorio Colon,R (2019) Santiago de Cuba 2018}) 17... Bd8 {[%emt 0:00:26] The position is equal.} 18. Nfxd4 Nxd4 19. Nxd4 Rxe4 20. Rxe4 Bxe4 21. f3 Bg6 22. Bc2 Bxc2 23. Qxc2 Nd7 24. Be3 Bf6 25. Ne2 Nf8 26. Bd4 Bxd4+ 27. Nxd4 Ne6 28. Nxe6 fxe6 29. b4 Kf7 30. Qd3 Qa1+ 31. Kf2 {[%emt 0:00:06] A balanced but interesting game.  Weighted Error Value: White=0.04 (flawless) /Black=0.04 (flawless)} 1/2-1/2

[Event "58th Akiba Rubinstein GM 2022"]
[Site "Polanica-Zdroj"]
[Date "2022.08.20"]
[Round "8.3"]
[White "Tazbir, Marcin"]
[Black "Donchenko, Alexander"]
[Result "0-1"]
[ECO "A13"]
[WhiteElo "2511"]
[BlackElo "2630"]
[Annotator "TA"]
[PlyCount "72"]
[EventDate "2022.08.13"]
[EventCountry "POL"]
[SourceTitle "playchess.com"]
[Source "ChessBase"]
[SourceQuality "1"]
[TimeControl "40/5400+30:1800+30"]

1. c4 e6 2. g3 d5 3. Bg2 d4 4. Nf3 c5 5. b4 cxb4 6. a3 {[%emt 0:00:20] A13: English Opening: 1...e6.} Nc6 7. O-O a5 8. d3 {[%emt 0:04:21] The position is equal.} Nf6 9. axb4 Bxb4 10. Na3 e5 {[%emt 0:04:58] [#]} 11. Nc2 $146 ({Predecessor:} 11. Nb5 O-O 12. Ba3 Bg4 13. h3 {½-½ (13) Cruz Estrada,F (2316)-Arpan,D (2173) Badalona 2022}) 11... Be7 12. Ba3 (12. e3 $11) 12... O-O $15 13. e3 dxe3 14. Nxe3 Bxa3 15. Rxa3 Qd6 16. Qa1 Ng4 17. Nd5 Be6 18. Ng5 Bxd5 19. Bxd5 Nf6 (19... b6 $15) 20. Ne4 Nxe4 21. dxe4 b6 22. Rd1 Qc5 23. Rb3 $1 {[%emt 0:00:51] [#] Threatens to win with Rb5.} Nd4 {[%emt 0:03:49] Against Rb5} 24. Rxd4 Qxd4 25. Qxd4 exd4 26. Bxa8 Rxa8 27. Rxb6 $2 $11 {[%emt 0:00:08][%mdl 12288] Endgame KR-KR. Now White is beyond hope.} (27. Kf1 $1 $11) 27... a4 $19 28. Kf1 a3 {[%emt 0:01:04] [#] Inhibits Rb2. ( -> ...a2)} 29. Rb1 a2 30. Ra1 Kf8 {[%emt 0:00:45] Hoping for ...Ke7.} 31. Ke2 Ra3 {[%emt 0:00:18] ...Ke7 is the strong threat.} 32. f4 $2 (32. Kd2 Ke7 33. c5) 32... Ke7 33. Kd2 $2 (33. e5 Ke6 34. Kd1) 33... Kd6 {[%emt 0:02:02] White must now prevent ...Kc5. Black is clearly winning.} 34. Kc2 Kc5 35. Kb2 Re3 {[%emt 0:05:27] aiming for ...Re2+.} 36. Rxa2 Re2+ {[%emt 0:01:45] Weighted Error Value: White=0.75/Black=0.09 (flawless)} 0-1

[Event "58th Akiba Rubinstein GM 2022"]
[Site "Polanica-Zdroj"]
[Date "2022.08.20"]
[Round "8.4"]
[White "Teclaf, Pawel"]
[Black "Sumets, Andrey"]
[Result "1/2-1/2"]
[ECO "C07"]
[WhiteElo "2550"]
[BlackElo "2547"]
[Annotator "TA"]
[PlyCount "65"]
[EventDate "2022.08.13"]
[EventCountry "POL"]
[SourceTitle "playchess.com"]
[Source "ChessBase"]
[SourceQuality "1"]
[TimeControl "40/5400+30:1800+30"]

1. e4 e6 2. d4 d5 3. Nd2 c5 4. Ngf3 cxd4 5. Nxd4 Nc6 6. Bb5 Bd7 7. Nxc6 bxc6 8. Bd3 {[%emt 0:00:05] The position is equal.} Bd6 {[%emt 0:00:07] C07: French Tarrasch: 3...c5, 4 Ngf3 and 4 exd5 Qxd5.} 9. Qe2 e5 $1 {[%emt 0:00:27][%mdl 4] is now more promising than 9...Ne7.} 10. exd5 cxd5 11. c4 Ne7 12. cxd5 Nxd5 13. Be4 Nf4 14. Qa6 Bc5 {[%emt 0:28:23] [#] And now ...Rb8 would win.} 15. O-O $1 Rb8 {[%emt 0:04:23] White must now prevent ...0-0.} 16. Nb3 Bb6 17. Bxf4 exf4 18. Rad1 {[%emt 0:05:14] [#] Bf5 is the strong threat.} O-O 19. Bxh7+ Kxh7 20. Qd3+ Kg8 21. Qxd7 Qf6 22. Qd6 {[%emt 0:05:12] [#]} Qh4 $146 {[%emt 0:11:27] Threatens to win with ...Rfd8.} ({Predecessor:} 22... Qxd6 23. Rxd6 a5 {½-½ (23) Ragger,M (2643)-Nihal,S (2654) Chartres 2022}) 23. Qd3 Rfd8 24. Qf3 Qf6 25. Qc3 Qe6 26. Rxd8+ Rxd8 27. Re1 {[%emt 0:00:08] Prevents Qe2.} Qd7 28. Qf3 Qa4 29. a3 Qb5 30. Rd1 $1 {[%emt 0:02:54] Against Rd3} Re8 31. h3 a5 32. Kh2 a4 33. Nd2 {An even fight not without its subleties.  Weighted Error Value: White=0.01 (flawless) /Black=0.02 (flawless)} 1/2-1/2

[Event "58th Akiba Rubinstein GM 2022"]
[Site "Polanica-Zdroj"]
[Date "2022.08.20"]
[Round "8.5"]
[White "Kempinski, Robert"]
[Black "Tomczak, Jacek"]
[Result "1/2-1/2"]
[ECO "D91"]
[WhiteElo "2558"]
[BlackElo "2596"]
[Annotator "TA"]
[PlyCount "75"]
[EventDate "2022.08.13"]
[EventCountry "POL"]
[SourceTitle "playchess.com"]
[Source "ChessBase"]
[SourceQuality "1"]
[TimeControl "40/5400+30:1800+30"]

1. d4 {[%emt 0:00:04] CB} Nf6 2. Nf3 g6 3. c4 Bg7 4. Nc3 d5 5. Bg5 Ne4 6. Bf4 Nxc3 7. bxc3 dxc4 8. e3 {[%emt 0:01:43][%cal Be2e3,Be3e4][%mdl 32] D91: Grünfeld: 4 Nf3 Bg7 5 Bg5.} b5 {[%emt 0:01:02] has lost popularity (8...Be6).} 9. a4 c6 10. Qb1 $1 {[%emt 0:00:45] White is slightly better.} Bf5 11. e4 Bd7 {[%emt 0:01:04] [#]} 12. Bxc4 $1 bxc4 13. Qb7 Na6 14. Qxa6 c5 $1 15. Qxc4 cxd4 16. cxd4 Rc8 {[%emt 0:07:13] [#]} 17. Qb4 $146 ({Predecessor:} 17. Qa6 Be6 18. Qb5+ Bd7 19. Qa6 Be6 20. Qb5+ Bd7 21. Qd3 Be6 22. Qb5+ {½-½ (22) Andreikin,D (2722)-Vachier Lagrave,M (2757) Tashkent 2014 CBM 163 [CB]}) 17... a5 18. Qd2 Bc6 19. Qe3 O-O 20. Bh6 f5 21. Bxg7 Kxg7 22. Ng5 Qd6 {[%emt 0:00:52] Inhibits Ne6+.} 23. O-O Bxe4 24. Nxe4 fxe4 {[%emt 0:00:05] The position is equal.} 25. Qxe4 Rc4 26. Rfe1 Rxd4 27. Qxe7+ Qxe7 28. Rxe7+ $11 {[%emt 0:00:05][%mdl 4096] Endgame KRR-KRR} Rf7 $1 29. Re5 Rf5 $1 30. Rxf5 gxf5 {[%emt 0:00:04] KR-KR} 31. Kf1 Kf6 32. Ke2 h5 33. g3 h4 34. h3 Rb4 35. Ra3 Kg6 36. Kf3 Kg5 37. Kg2 Rc4 38. Kf3 {[%emt 0:05:23] Weighted Error Value: White=0.07 (flawless) /Black=0.03 (flawless)} 1/2-1/2

[Event "58th Akiba Rubinstein GM 2022"]
[Site "Polanica-Zdroj"]
[Date "2022.08.21"]
[Round "9.2"]
[White "Tomczak, Jacek"]
[Black "Nasuta, Grzegorz"]
[Result "0-1"]
[ECO "C67"]
[WhiteElo "2596"]
[BlackElo "2500"]
[Annotator "TA"]
[PlyCount "89"]
[EventDate "2022.08.13"]
[EventCountry "POL"]
[SourceTitle "playchess.com"]
[Source "ChessBase"]
[SourceQuality "1"]
[TimeControl "40/5400+30:1800+30"]

1. e4 {[%emt 0:00:02] Vitiugov,Nikita} e5 2. Nf3 Nc6 3. Bb5 Nf6 4. O-O Nxe4 5. d4 Nd6 6. dxe5 Nxb5 7. a4 Nbd4 8. Nxd4 Nxd4 {[%emt 0:00:08] 8...d5 might become the main line.} 9. Qxd4 d5 $1 {[%emt 0:00:10] C67: Ruy Lopez: Berlin Defence: 4 0-0 Nxe4.} 10. Qd3 c6 11. a5 Be6 {[%emt 0:00:26] The position is equal.} 12. Nc3 {[%emt 0:10:39][%cal Bb1c3,Bc3e2,Be2d4][%mdl 32] [#]} Qc8 $146 ({Predecessor:} 12... Qd7 13. Ne2 Bf5 14. Qc3 Be7 15. Bh6 d4 16. Nxd4 gxh6 17. e6 Bxe6 18. Nxe6 Rg8 {1-0 (30) Vitiugov,N (2726)-Harikrishna,P (2730) Prague 2019 CBM 189 [Vitiugov,Nikita]}) 13. Ne2 Bf5 14. Qb3 Bc5 15. Qc3 (15. Be3 $5 Be7 16. f4 $14) 15... Be7 16. Nd4 Bg6 17. b4 (17. a6 $5) 17... O-O 18. Ba3 f6 19. e6 Bd6 20. Rae1 Qc7 21. Qh3 Rfe8 22. Kh1 b6 23. a6 Be5 {[%emt 0:05:11] A strong pair of Bishops.} 24. Nf5 Qc8 (24... Rad8 $15) 25. f4 $2 {[%emt 0:01:01] This costs White the game.} (25. Nxg7 $1 $11 {and White stays safe.} Kxg7 26. f4 Qxe6 27. Qh4) 25... Bxf5 $19 26. Qxf5 Bc3 27. b5 (27. Rb1 $142 Qxa6 28. Rfd1) 27... Bxe1 ({Not} 27... cxb5 $2 28. Rb1 $19) 28. Rxe1 cxb5 {[%emt 0:00:05] [#] Strongly threatening ...Qc3.} 29. Bb2 {[%emt 0:03:07] Against Qc3} Qc5 30. e7 Qd6 31. Re6 Qb4 32. Qxd5 {[%emt 0:00:32] Hoping for Re4+.} Qc4 (32... Qxb2 {gets mated.} 33. Re1+ Kh8 {[#]} 34. Qxa8 $3 h6 35. Qxe8+ Kh7 36. f5 Qa2 37. Qg6+ Kh8 38. e8=Q+ Qg8 39. Qxg8+ Kxg8 40. Re8#) 33. Qxc4 bxc4 {[%emt 0:00:01][%mdl 4096] Endgame KRR-KRB} 34. Ba3 Rac8 35. c3 Rc7 36. Kg1 (36. f5 {was worth a try.}) 36... Kf7 37. f5 Rec8 38. Kf2 Rd7 39. Bb4 Rd5 40. g4 g6 {[%emt 0:00:00] Black is clearly winning.} 41. Rd6 (41. Re4 $142 gxf5 42. gxf5) 41... Rxd6 42. Bxd6 gxf5 43. gxf5 b5 44. Ke3 Rc6 45. Kd4 {Weighted Error Value: White=0.43/Black=0.15 (very precise)} 0-1

[Event "58th Akiba Rubinstein GM 2022"]
[Site "Polanica-Zdroj"]
[Date "2022.08.21"]
[Round "9.4"]
[White "Donchenko, Alexander"]
[Black "Teclaf, Pawel"]
[Result "1-0"]
[ECO "D12"]
[WhiteElo "2630"]
[BlackElo "2550"]
[Annotator "TA"]
[PlyCount "159"]
[EventDate "2022.08.13"]
[EventCountry "POL"]
[SourceTitle "playchess.com"]
[Source "ChessBase"]
[SourceQuality "1"]
[TimeControl "40/5400+30:1800+30"]

1. c4 c6 2. d4 d5 3. Nf3 Nf6 4. e3 Bf5 5. Nc3 e6 6. Nh4 Be4 7. f3 Bg6 {[%emt 0:00:03] D12: Slav Defence: 3 Nf3 Nf6 4 e3 Bf5.} 8. Bd2 dxc4 9. Bxc4 b5 (9... a6 $11) 10. Be2 $14 {[%emt 0:00:27] [#]} a6 $146 ({Predecessor:} 10... Nbd7 11. Nxg6 hxg6 12. e4 Nh5 13. Kf2 e5 14. dxe5 Bc5+ 15. Be3 Bxe3+ 16. Kxe3 Qg5+ {0-1 (22) Mendonca,L (2562)-Grandelius,N (2645) Chartres 2022}) 11. g3 c5 12. dxc5 Bxc5 13. Nxg6 (13. b4 $5 Bxb4 14. a4 $11) 13... hxg6 14. Qc2 Nbd7 15. a4 O-O 16. axb5 axb5 17. Kf2 (17. Rxa8 $11 Qxa8 18. Nxb5) 17... Rc8 ({Better is} 17... b4 $15 18. Na4 Ba7) 18. Bxb5 $11 Nd5 19. Bxd7 ({Wrong is} 19. Nxd5 $2 Bxe3+ 20. Nxe3 Rxc2 21. Nxc2 Qb6+ 22. Nd4 Qxd4+ 23. Be3 Qxb2+ 24. Be2 Nf6 $19) 19... Qxd7 20. Qd3 Rfd8 21. Nxd5 Qb7 {[%emt 0:00:37][%mdl 64] [#] Pin} 22. Bc3 $1 Rxd5 23. Qa6 Qxa6 (23... Qb8 $11) 24. Rxa6 $16 {[%emt 0:00:04] White now steadily converts the win.} Bb4 25. Bxb4 $18 Rc2+ 26. Kf1 Rxb2 27. Be1 Rd3 28. Ra1 Rxe3 29. f4 e5 30. fxe5 Rxe5 31. h4 Ree2 32. Rh3 f6 33. Ra3 Re5 34. Bf2 g5 35. hxg5 Rxg5 36. Rf3 Rbb5 37. Rc3 Rh5 38. Rxh5 Rxh5 {[%emt 0:00:05][%mdl 4096] Endgame KRB-KR} 39. Rc5 Rh1+ 40. Kg2 Rb1 41. Kf3 Kf7 42. Rc7+ Kg6 43. Bc5 Rb8 44. Ke4 Re8+ 45. Re7 Rd8 46. Bb4 Rd1 47. Ra7 Rd8 48. Be7 Rh8 49. Bd6 Rd8 50. Kd5 Re8 51. Rb7 Re1 52. Kc6 Re8 53. Kd7 Re4 {[%emt 0:01:02] [#]} 54. Kd8 $1 Kh7 55. Bf4 Kg6 56. Re7 Ra4 57. Bb8 Rc4 58. Bd6 Kh7 59. Ke8 {[%emt 0:02:29] And now Kf7 would win.} Kg8 60. Re3 Ra4 61. Ke7 Ra7+ {[%emt 0:00:46] [#]} 62. Ke6 $1 Ra4 63. Re1 Ra7 $2 (63... Ra2 64. Re4 Ra6) 64. Rh1 $2 (64. Rb1 Ra6 65. Rb5) 64... Ra4 $2 (64... Ra2 65. Rc1 Ra6) 65. Rb1 (65. Rc1 $142 Ra6 66. Rc2) 65... Ra7 66. Rb4 {[%emt 0:01:33] aiming for Rb6.} Ra6 {[%emt 0:00:51] Prevents Rb6.} 67. Rc4 Ra7 $2 (67... Rb6 68. Rc1 Ra6) 68. Kf5 $2 (68. Rc7 Ra6 69. Rd7) 68... Ra5+ 69. Rc5 Ra4 70. Rb5 {[%emt 0:00:08] Black must now prevent Rb8+.} Kh7 (70... Rd4 $142) 71. Rb4 Ra5+ $2 (71... Ra6) 72. Ke6 {[%emt 0:00:07] Intending Kf7 and mate.} Ra7 73. Be7 {[%emt 0:00:30] White threatens Kf7 and mate.} Kg6 74. Rg4+ Kh6 75. Kf7 g5 76. Kxf6 Ra6+ 77. Kf7 Ra7 78. Re4 {[%emt 0:01:09] White wants to mate with g4.} Kh5 79. Re5 Kh6 80. g4 {[%emt 0:00:20] Weighted Error Value: White=0.04 (flawless) /Black=0.08 (flawless)} 1-0